[Event "***Titled Tuesday 3|2 Blitz"]
[Site "Chess.com"]
[Date "2017.02.07"]
[Round "3"]
[White "Jospem"]
[Black "gumersindo"]
[Result "1-0"]
[WhiteElo "2517"]
[BlackElo "2352"]
[TimeControl "180+2"]
[EndTime "13:41:09 PST"]
[Termination "Jospem won by resignation"]

1. e4 e5 2. Nf3 Nc6 3. Bb5 a6 4.
Ba4 Nf6 5. O-O Be7 6. Re1 b5 7. Bb3 d6 8. c3 O-O 9. h3 Na5 10.
Bc2 c5 11. d4 Qc7 12. Nbd2 Bd7 13. d5 c4 14. Nf1 Nb7 15. g4 Rfc8 16. Ng3 Nc5 17.
g5 Ne8 18. Kg2 Rcb8 19. Be3 Na4 20. Qc1 Qc8 21. Rh1 a5 22. Nf5 Bf8 23. Bxa4 bxa4 24.
Qc2 Rb7 25. Rad1 Rab8 26. Bc1 Qc5 27. a3 Nc7 28. Ne3 Na6 29. Qe2 Rc8 30. h4 Bb5 31.
h5 Qc7 32. g6 fxg6 33. hxg6 h6 34. Ng5 Be8 35. Ne6 Qe7 36. Nf5 Qf6 37. Rdg1 Bxg6 38. Qg4 Bxf5 39. exf5 Nc5 40. Rxh6 Qf7 41. Rgh1 1-0

[Event "***Titled Tuesday 3|2 Blitz"]
[Site "Chess.com"]
[Date "2017.02.07"]
[Round "3"]
[White "Genghis_K"]
[Black "tigra"]
[Result "0-1"]
[WhiteElo "2684"]
[BlackElo "2565"]
[TimeControl "180+2"]
[EndTime "13:41:30 PST"]
[Termination "tigra won by resignation"]

1. e4 c5 2. Nf3 d6 3. d4 cxd4 4.
Nxd4 Nf6 5. Nc3 Nc6 6. Bg5 e6 7. Qd2 Nxd4 8. Qxd4 Be7 9. O-O-O O-O 10. Be2 Bd7 11.
f4 Qa5 12. e5 dxe5 13. Qxe5 Qb6 14. f5 Rac8 15. Be3 Bc5 16. Bxc5 Rxc5 17. Qd6 Qxd6 18.
Rxd6 Rxf5 19. g4 Re5 20. Bf3 b5 21. h4 b4 22. Nd1 h6 23. Nf2 Bb5 24. Rg1 Re3 25. Bd1 Rc8 26. g5 hxg5 27. hxg5 Nd5 28. g6 f5 29. Rh1 Nf4 30. Rd4 Nxg6 31. Rxb4 Be8 32. Nh3 Rg3 33. c3 a5 34. Rb6 Bf7 35. Bh5 Ne5 36. Bxf7+ Kxf7 37. Kb1 Nd3 38. Rb7+ Kf6 39. Ng1 Nf2 40. Rh4 Rxg1+ 41. Kc2 Rg2 42. Ra4 Ne4+ 43. Kc1 Rh8 0-1

[Event "***Titled Tuesday 3|2 Blitz"]
[Site "Chess.com"]
[Date "2017.02.07"]
[Round "3"]
[White "Shivagami"]
[Black "EmeseBalogh"]
[Result "0-1"]
[WhiteElo "1967"]
[BlackElo "2003"]
[TimeControl "180+2"]
[EndTime "13:41:31 PST"]
[Termination "EmeseBalogh won by checkmate"]

1. d4 d5 2. Bf4 c6 3. e3 Nf6 4.
Bd3 a6 5. c3 Bg4 6. Qb3 Qc8 7.
Nd2 Nbd7 8. f3 Bh5 9. e4 e6 10. Ne2 Bg6 11. O-O Be7 12. h3 O-O 13. g4 h6 14. Kh1 Re8 15. Rg1 c5 16. Qd1 cxd4 17.
cxd4 Qd8 18. Rc1 Rc8 19. h4 Nb6 20. Ng3 dxe4 21. Rxc8 Qxc8 22. Bxe4 Nbd5 23. Bxg6 Nxf4 24. Bb1 N6d5 25. h5 Bb4 26. Qe1 Qd8 27. Qe4 Qh4# 0-1

[Event "***Titled Tuesday 3|2 Blitz"]
[Site "Chess.com"]
[Date "2017.02.07"]
[Round "3"]
[White "Wolverine_master"]
[Black "lucasmito"]
[Result "1-0"]
[WhiteElo "1988"]
[BlackElo "1765"]
[TimeControl "180+2"]
[EndTime "13:41:36 PST"]
[Termination "Wolverine_master won on time"]

1. e4 e5 2. Nf3 Nc6 3. d4 exd4 4.
Bc4 Nf6 5. e5 d5 6. Bb5 Ne4 7.
Nxd4 Bd7 8. Bxc6 bxc6 9. O-O Bc5 10. Be3 O-O 11. f3 Ng5 12. f4 Ne4 13. Nd2 Nxd2 14. Qxd2 Bb6 15. Nb3 Qe7 16. Rae1 Bf5 17. Qc3 Bxe3+ 18.
Rxe3 Be4 19. f5 f6 20. e6 Qd6 21. Rf2 Rfd8 22. Qd4 a5 23. Nc5 Rab8 24. Nd7 Rb4 25.
Nxf6+ 1-0

[Event "***Titled Tuesday 3|2 Blitz"]
[Site "Chess.com"]
[Date "2017.02.07"]
[Round "3"]
[White "kikydu96"]
[Black "Aguiar94"]
[Result "0-1"]
[WhiteElo "2345"]
[BlackElo "2460"]
[TimeControl "180+2"]
[EndTime "13:41:39 PST"]
[Termination "Aguiar94 won by resignation"]

1. e4 c5 2. Nf3 e6 3. d4 cxd4 4. Nxd4 Nc6 5. Nb5 d6 6. Bf4 e5 7.
Be3 a6 8. N5c3 Nf6 9. Na3 b5 10.
Nd5 Nxd5 11. exd5 Ne7 12. c4 Nf5 13. Bd2 Be7 14. cxb5 O-O 15. bxa6 Bg5 16. Bd3 Nh4 17. O-O f5 18. f4 Bf6 19. Rc1 e4 20. Bb5 Bxb2 21.
Rxc8 Qxc8 22. Bb4 Qb8 23. Qb3 Qb6+ 24. Kh1 Bxa3 25. Bxa3 Rf6 26. Bc4 Qc7 27. Rc1 Rb8 28. Qa4 Qa7 29. Qc6 Qe3 30. Qc7 Rbf8 31. Rg1 Qxa3 32.
a7 R6f7 33. Qc6 Rxa7 0-1

[Event "***Titled Tuesday 3|2 Blitz"]
[Site "Chess.com"]
[Date "2017.02.07"]
[Round "3"]
[White "salomez"]
[Black "NoWuss2"]
[Result "0-1"]
[WhiteElo "2146"]
[BlackElo "2057"]
[TimeControl "180+2"]
[EndTime "13:41:40 PST"]
[Termination "NoWuss2 won by checkmate"]

1. e4 Nc6 2. d4 e5 3. d5 Nce7 4.
Nf3 Ng6 5. c4 Bc5 6. Nc3 Nf6 7.
Be2 O-O 8. O-O d6 9. a3 a5 10. Bg5 h6 11. Bd2 Bd7 12. Rb1 a4 13. Qc2 Re8 14. Bd3 Nh5 15. g3 Bh3 16. Rfe1 Qd7 17. Qd1 Nhf4 18. Bc2 Qg4 19. Bxa4 Bg2 20. Nxe5 Qh3 21.
Bxe8 Nxe5 22. Bxf7+ Kxf7 23. Re3 Bf3 24. Qf1 Bg2 25.
Qd1 Ng4 26. Qxg4 Qxg4 27. gxf4 Bf3+ 28. Kf1 Qg2+ 29. Ke1 Qg1# 0-1

[Event "***Titled Tuesday 3|2 Blitz"]
[Site "Chess.com"]
[Date "2017.02.07"]
[Round "3"]
[White "Vegan4future"]
[Black "IMJonathanCarlstedt"]
[Result "1-0"]
[WhiteElo "2433"]
[BlackElo "2424"]
[TimeControl "180+2"]
[EndTime "13:41:43 PST"]
[Termination "Vegan4future won by resignation"]

1. Nc3 g6 2. d4 Bg7 3. e4 a6 4. a4 d6 5. Be3 Nd7 6. Qd2 c5 7. Nge2 cxd4 8. Bxd4 Ngf6 9. h3 O-O 10.
g4 b6 11. Bg2 Bb7 12. O-O Ne8 13.
Ng3 Qc7 14. Rac1 Ne5 15. b3 Rc8 16. Nd5 Bxd5 17. exd5 Nf6 18. c4 a5 19. Qe3 Rfe8 20.
Bxb6 Qb7 21. Bxa5 Ned7 22. g5 Nh5 23. Nxh5 gxh5 24. Rb1 Nc5 25. Bc3 Bxc3 26. Qxc3 Rb8 27. Bf3 Qb4 28. Qe3 e6 29. Qf4 exd5 30. Bxd5 Re7 31.
Qxd6 Rbe8 32. g6 hxg6 33. Qxg6+ Kf8 34. Qxh5 Qc3 35. Qh6+ Kg8 36. b4 Ne6 37. Rfc1 Qd4 38. Rd1 Qc3 39. Rdc1 Qd4 40. Rb3 Ng7 41. Rg3 Re1+ 42.
Rxe1 Rxe1+ 43. Kg2 Re2 44. Qxg7+ Qxg7 45. Rxg7+ Kxg7 46. a5 Ra2 47. Bb7 Ra4 48. a6 Rxb4 49. a7 Ra4 50.
a8=Q 1-0

[Event "***Titled Tuesday 3|2 Blitz"]
[Site "Chess.com"]
[Date "2017.02.07"]
[Round "3"]
[White "stefanodinn"]
[Black "Maitreia"]
[Result "0-1"]
[WhiteElo "2227"]
[BlackElo "2479"]
[TimeControl "180+2"]
[EndTime "13:41:44 PST"]
[Termination "Maitreia won by resignation"]

1. e4 c5 2. Nf3 g6 3. d4 cxd4 4. Nxd4 Bg7 5. c4 Nc6 6. Be3 Nf6 7. Nc3 Nxd4 8. Bxd4 d6 9. Be2 O-O 10. O-O Bd7 11. Qd2 Bc6 12. f3 a5 13. b3 Nd7 14.
Be3 Nc5 15. Rab1 Be5 16. Rfc1 e6 17. g3 h5 18. Bd1 h4 19. Bf2 h3 20. a3 Qf6 21. b4 axb4 22. axb4 Na4 23. Nxa4 Bxa4 24. f4 Bxd1 25. Qxd1 Bxf4 26. gxf4 Qxf4 27. Qe2 Ra3 28. Bg3 Qg5 29. Kh1 Rfa8 30. Bxd6 Ra2 31. Rc2 Ra1 32. Rb2 R8a2 33. Qf1 Qe3 34. Rxa2 Qxe4+ 0-1

[Event "***Titled Tuesday 3|2 Blitz"]
[Site "Chess.com"]
[Date "2017.02.07"]
[Round "3"]
[White "SergeiAza"]
[Black "FMchesstrainer"]
[Result "1/2-1/2"]
[WhiteElo "2515"]
[BlackElo "2372"]
[TimeControl "180+2"]
[EndTime "13:41:50 PST"]
[Termination "Game drawn - insufficient material"]

1. e4 c5 2. Nf3 Nc6 3. d4 cxd4 4. Nxd4 Nf6 5. Nc3 e5 6. Ndb5 d6 7. Bg5 a6 8. Na3 b5 9. Bxf6 gxf6 10. Nd5 Bg7 11.
Bd3 Ne7 12. Nxe7 Qxe7 13. c3 Bb7 14. Nc2 d5 15. exd5 e4 16. O-O O-O 17. Re1 f5 18.
Bf1 Rad8 19. Ne3 Qg5 20. a4 f4 21. Qg4 Qxg4 22. Nxg4 f5 23. axb5 axb5 24. Bxb5 Bxd5 25. Red1 Bb7 26. Rxd8 Rxd8 27. Ra7 Bd5 28. Rd7 Rxd7 29. Bxd7 fxg4 30. Bxg4 Kf7 31. Kf1 Bc4+ 32. Be2 Bxe2+ 33. Kxe2 Ke6 34. f3 Kd5 35. g3 Be5 36. gxf4 Bxf4 37.
fxe4+ Kxe4 38. h4 h5 39. Kf2 Be5 40. Kg2 Kd3 41. c4 Kxc4 42. b3+ Kb4 43. Kg1 Bc7 44. Kg2 Bb6 45. Kf3 Bc7 46. Kg2 Kc3 47. Kh1 Kd3 48.
Kg2 Bd6 49. b4 Bc7 50. b5 Bb6 51. Kh1 Ke3 52. Kg2 Kf4 53. Kh1 Kg4 54. Kg2 Kxh4 55. Kh1 Kg4 56. Kg2 h4 57. Kh2 h3 58. Kh1 Kf3 59. Kh2 Ke4 60. Kg3 Kd5 61. Kxh3 Kc5 62. Kg4 Kxb5 1/2-1/2

[Event "***Titled Tuesday 3|2 Blitz"]
[Site "Chess.com"]
[Date "2017.02.07"]
[Round "3"]
[White "Keranke"]
[Black "ShimanovAlex"]
[Result "1-0"]
[WhiteElo "2664"]
[BlackElo "2640"]
[TimeControl "180+2"]
[EndTime "13:41:52 PST"]
[Termination "Keranke won by checkmate"]

1. c4 g6 2. g3 Bg7 3. Bg2 Nf6 4.
Nf3 O-O 5. O-O Nc6 6. Nc3 d5 7. cxd5 Nxd5 8. d3 Nb6 9. Be3 e5 10. Rc1 Re8 11. a3 Nd4 12. b4 c6 13. Ne4 Nd5 14.
Bg5 f6 15. Bd2 f5 16. Nc5 Nxf3+ 17. Bxf3 b6 18. e4 bxc5 19. exd5 cxd5 20. Rxc5 e4 21. Bg2 Bd4 22. Ra5 Bb6 23. Rc5 Bxc5 24. bxc5 Ba6 25. Qa1 Bxd3 26. Qd4 Kf7 27. Bc3 Rg8 28. Rd1 Bc4 29. f3 Be2 30. Re1 exf3 31. Rxe2 fxg2 32. Re5 Qd7 33. Rxd5 Qe6 34. Rd6 Qb3 35. Qf6+ Ke8 36.
Re6+ Kd7 37. Qe7+ Kc8 38. Rc6+ Kb8 39. Qc7# 1-0

[Event "***Titled Tuesday 3|2 Blitz"]
[Site "Chess.com"]
[Date "2017.02.07"]
[Round "3"]
[White "GrigorGrigorov"]
[Black "Konavets"]
[Result "0-1"]
[WhiteElo "2475"]
[BlackElo "2536"]
[TimeControl "180+2"]
[EndTime "13:41:52 PST"]
[Termination "Konavets won by resignation"]

1. d4 Nf6 2. c4 c5 3. d5 e6 4. Nc3 exd5 5. cxd5 d6 6. Nf3 a6 7. a4 Bf5 8. Bf4 Be7 9. h3 O-O 10.
Nd2 Re8 11. e3 Nbd7 12. Be2 Bf8 13. O-O Ne5 14. Bg3 h6 15. e4 Bh7 16. f4 Ned7 17.
Bf3 Rb8 18. Re1 Qc7 19. a5 b5 20. axb6 Rxb6 21. Nc4 Rb4 22. b3 Nb6 23. e5 Nxc4 24. exf6 Rxe1+ 25. Bxe1 Nb2 26. Qd2 Nd3 27. Rxa6 Qb7 28.
Ra3 Rxb3 29. Rxb3 Qxb3 30. Bg3 c4 31. Ne4 Bxe4 32. Bxe4 Nc5 33. Bf5 Qxg3 0-1

[Event "***Titled Tuesday 3|2 Blitz"]
[Site "Chess.com"]
[Date "2017.02.07"]
[Round "3"]
[White "ChessMavenYeti"]
[Black "SCIM"]
[Result "0-1"]
[WhiteElo "2174"]
[BlackElo "2271"]
[TimeControl "180+2"]
[EndTime "13:41:54 PST"]
[Termination "SCIM won by resignation"]

1. Nf3 Nf6 2. g3 c5 3. Bg2 Nc6 4.
O-O g6 5. d4 cxd4 6. Nxd4 Bg7 7.
c4 O-O 8. Nc3 d6 9. Nxc6 bxc6 10. Bxc6 Rb8 11. Bg2 Be6 12. Nd5 Nxd5 13. cxd5 Bd7 14.
Rb1 Qa5 15. a3 Rfc8 16. b4 Qa6 17. Re1 Ba4 18. Qd2 Bc3 19. Qh6 Bxe1 20. Bg5 Bc3 21. Bxe7 Bg7 22. Qh4 Bc2 23. Re1 Re8 24. e4 Rb7 25.
Bf1 Qb6 26. Bg5 Qd4 27. Bg2 Rc7 28. Qf4 Bd3 29. Qxd6 Be5 30. Bf6 Qxf2+ 31. Kxf2 Bxd6 32. e5 Rc2+ 33. Kg1 Bc7 34. Be4 Bxe5 35. Bxe5 Rxe5 36. d6 Bxe4 37. d7 Rd2 0-1

[Event "***Titled Tuesday 3|2 Blitz"]
[Site "Chess.com"]
[Date "2017.02.07"]
[Round "3"]
[White "Robin-Side"]
[Black "Vamostodorecto"]
[Result "0-1"]
[WhiteElo "2373"]
[BlackElo "2270"]
[TimeControl "180+2"]
[EndTime "13:41:56 PST"]
[Termination "Vamostodorecto won by resignation"]

1. d4 d5 2. Nc3 Nf6 3. e4 dxe4 4.
f3 exf3 5. Nxf3 Bg4 6. h3 Bxf3 7.
Qxf3 c6 8. Qf2 e6 9. Bd3 Nbd7 10. Bd2 Qc7 11. g4 h6 12. O-O-O O-O-O 13.
Rhg1 Nb6 14. h4 Nfd5 15. Ne4 Na4 16. b3 Ba3+ 17. Kb1 Nb2 18. Rdf1 Nxd3 19. cxd3 Rhf8 20. g5 h5 21. g6 fxg6 22. Qg2 Bb4 23. Qxg6 Bxd2 24.
Qxe6+ Kb8 25. Nxd2 Rfe8 26. Qf7 Qa5 27. Ne4 Nc3+ 28.
Nxc3 Qxc3 29. Qc4 Qxd4 30. Rxg7 Qxg7 31. Qf4+ Qe5 32. Qf7 Re7 33. Qf3 Qd5 34. Qf6 Qxd3+ 35. Kb2 Qd4+ 36. Qxd4 Rxd4 37. Rf7 Rxf7 0-1

[Event "***Titled Tuesday 3|2 Blitz"]
[Site "Chess.com"]
[Date "2017.02.07"]
[Round "3"]
[White "Sven_Tica"]
[Black "Mornar1951"]
[Result "1/2-1/2"]
[WhiteElo "2413"]
[BlackElo "2557"]
[TimeControl "180+2"]
[EndTime "13:42:00 PST"]
[Termination "Game drawn by repetition"]

1. d4 d5 2. c4 e6 3. Nf3 Nf6 4. g3 Bb4+ 5. Bd2 Be7 6. Bg2 c6 7. Qc2 b6 8. O-O Ba6 9. cxd5 cxd5 10. Bf4 O-O 11. Nc3 Nc6 12. Rfc1 Rc8 13. Qa4 Bb7 14. Ne5 a6 15. Nxd5 Nxd5 16. Nxc6 Rxc6 17. Rxc6 b5 18. Qc2 Bxc6 19. Qxc6 Nxf4 20. gxf4 Qxd4 21. Qxa6 Qxb2 22. Rf1 Qxe2 23. a4 Qg4 24. Qxb5 Qxf4 25. a5 Bd6 26. Rd1 Qxh2+ 27. Kf1 Bb8 28. a6 Qf4 29. Qb7 g6 30. a7 Qa4 31. Rd7 Bxa7 32. Qxa7 Qxa7 33. Rxa7 Rd8 34. Bc6 Kg7 35. Kg2 Rc8 36. Bd7 Rc4 37. Bxe6 Rf4 38. Kg3 Rf6 39. Bd5 h5 40. f3 Rf5 41. Be6 Rf6 42. Bd5 Rf5 43. Be6 Rf6 44. Bd5 Rf5 45. Be6 1/2-1/2

[Event "***Titled Tuesday 3|2 Blitz"]
[Site "Chess.com"]
[Date "2017.02.07"]
[Round "3"]
[White "pKiLz5Rn9b"]
[Black "MagnusCarlsen"]
[Result "0-1"]
[WhiteElo "2581"]
[BlackElo "2974"]
[TimeControl "180+2"]
[EndTime "13:42:04 PST"]
[Termination "MagnusCarlsen won by resignation"]

1. e4 e5 2. Nf3 Nc6 3. Bc4 Bc5 4.
c3 Nf6 5. d3 O-O 6. O-O a6 7.
a4 Ba7 8. h3 d6 9. Nbd2 h6 10.
Re1 Re8 11. Bb3 Be6 12. Bxe6 Rxe6 13. Nf1 d5 14. Qc2 Qd7 15. Ng3 Rd8 16. exd5 Qxd5 17.
Be3 Bxe3 18. Rxe3 Qd7 19. Rae1 Nd5 20. Re4 Rde8 21. Qd2 Nf6 22. R4e3 Kh8 23. Ne4 Nxe4 24. Rxe4 f5 25. R4e3 Qd5 26. Qe2 Qb3 27. d4 e4 28. Nd2 Qxb2 29. d5 Rd6 30. c4 Nd4 31. Qd1 Qb4 32. f3 Qb2 33. fxe4 Nc2 34. Qh5 Rdd8 35.
Nf1 Nxe1 36. Rxe1 Qd4+ 37. Kh1 Rxe4 38. Rb1 Qxc4 39. Ng3 Qd3 40. Rxb7 Qxg3 0-1

[Event "***Titled Tuesday 3|2 Blitz"]
[Site "Chess.com"]
[Date "2017.02.07"]
[Round "3"]
[White "Gergo85"]
[Black "oskariot"]
[Result "1-0"]
[WhiteElo "2408"]
[BlackElo "2519"]
[TimeControl "180+2"]
[EndTime "13:42:04 PST"]
[Termination "Gergo85 won on time"]

1. e4 c5 2. Nf3 g6 3. d4 cxd4 4.
Qxd4 Nf6 5. Nc3 Nc6 6. Qa4 d6 7. e5 dxe5 8. Nxe5 Bd7 9. Nxd7 Qxd7 10.
Be2 Bg7 11. Bf4 O-O 12. Rd1 Qf5 13. O-O Rad8 14. Bd3 Qg4 15. Bc7 Rd7 16. Qxg4 Nxg4 17. Bg3 Bxc3 18. bxc3 Rfd8 19. Rb1 Nge5 20. Be4 Nc4 21.
Bxc6 bxc6 22. Rb4 Nb6 23. a4 f6 24. a5 Nd5 25. Rc4 Rc8 26. Rb1 a6 27. Kf1 e5 28. Ke2 Kf7 29. f3 Ke6 30. Bf2 Nf4+ 31.
Kf1 Rd2 32. Rc1 Kd5 33. Rb4 Rd8 34. Be3 1-0

[Event "***Titled Tuesday 3|2 Blitz"]
[Site "Chess.com"]
[Date "2017.02.07"]
[Round "3"]
[White "Cruel_Yaro"]
[Black "TheCount"]
[Result "1-0"]
[WhiteElo "2607"]
[BlackElo "2494"]
[TimeControl "180+2"]
[EndTime "13:42:05 PST"]
[Termination "Cruel_Yaro won on time"]

1. e4 e5 2. Nf3 Nc6 3. Bb5 a6 4.
Ba4 Nf6 5. O-O Be7 6. Re1 b5 7. Bb3 d6 8. c3 O-O 9. h3 Bb7 10. d4 Nd7 11. Nbd2 exd4 12. cxd4 Bf6 13. Nf1 Na5 14.
Bc2 Re8 15. Ng3 g6 16. Rb1 c5 17. b4 cxb4 18. Rxb4 Nc4 19. a4 Qa5 20. Rb1 Ndb6 21.
axb5 axb5 22. Bb3 Bc6 23. Bf4 Na4 24. Rc1 Qb4 25. Bxc4 bxc4 26. Qc2 d5 27. Ne5 Rac8 28. Ng4 Bxd4 29. e5 Qb2 30. Qd1 Bc5 31. Nf6+ Kh8 32. Qg4 Bxf2+ 33. Kh2 Bxe1 34. Rxe1 Re6 35. Qh4 Rxf6 36.
Qxf6+ 1-0

[Event "***Titled Tuesday 3|2 Blitz"]
[Site "Chess.com"]
[Date "2017.02.07"]
[Round "3"]
[White "RamonManon0g"]
[Black "A-Fier"]
[Result "0-1"]
[WhiteElo "2333"]
[BlackElo "2498"]
[TimeControl "180+2"]
[EndTime "13:42:07 PST"]
[Termination "A-Fier won on time"]

1. d4 Nf6 2. Bg5 Ne4 3. Bf4 c5 4.
d5 Qb6 5. Nd2 Qxb2 6. Nxe4 Qb4+ 7. Bd2 Qxe4 8. Bc3 e6 9. dxe6 dxe6 10. e3 Nc6 11. Nf3 f6 12. Rb1 Be7 13. Bd3 Qd5 14. e4 Qh5 15. Bb5 O-O 16. O-O e5 17. Qd5+ Kh8 18.
Bxc6 bxc6 19. Qxc6 Bg4 20. Nd2 Rfc8 21. Qd5 Rd8 22.
Qc6 Bd7 23. Qc7 Qe8 24. Rb7 Bf8 25. Rxa7 Rxa7 26. Qxa7 Ra8 27. Qc7 Rxa2 28. Rb1 Ra8 29. Rb7 Be6 30. h4 Qh5 31. Qc6 Qe8 32. Qb6 h5 33.
Nf1 Bg8 34. Ng3 Qg6 35. Nf5 Qg4 36. f3 Qf4 37. Rb8 Qc1+ 38. Kh2 Ra2 39. Rxf8 Qxc2 0-1

[Event "***Titled Tuesday 3|2 Blitz"]
[Site "Chess.com"]
[Date "2017.02.07"]
[Round "3"]
[White "maciek_92"]
[Black "Rumpel-VK"]
[Result "1-0"]
[WhiteElo "2566"]
[BlackElo "2431"]
[TimeControl "180+2"]
[EndTime "13:42:09 PST"]
[Termination "maciek_92 won on time"]

1. c4 e5 2. Nc3 Nc6 3. g3 f5 4.
Bg2 Nf6 5. a3 g6 6. d3 Bg7 7. e3 O-O 8. Nge2 d6 9. O-O Rb8 10. b4 Ne7 11. b5 Kh8 12. a4 a5 13.
Ba3 b6 14. d4 e4 15. c5 Be6 16. Nf4 Bc4 17. cxd6 cxd6 18. d5 Bxf1 19. Bxf1 Qd7 20.
Ne6 Rfc8 21. Nxg7 Kxg7 22. Qd4 Ng8 23. Ne2 g5 24. Qd2 Kg6 25. Nd4 Ne7 26. Nc6 Rb7 27. Bc4 f4 28. exf4 gxf4 29. Qxf4 Nexd5 30. Bxd5 Nxd5 31. Qxe4+ Qf5 32. Qxf5+ Kxf5 33. Rd1 Nf6 34. Rxd6 Re8 35.
Rd4 Rd7 36. Rf4+ Kg6 37. Bb2 Rd6 38. Ne5+ Kh6 39. Nf7+ 1-0

[Event "***Titled Tuesday 3|2 Blitz"]
[Site "Chess.com"]
[Date "2017.02.07"]
[Round "3"]
[White "AungTZ"]
[Black "scenicregal"]
[Result "1-0"]
[WhiteElo "2059"]
[BlackElo "1841"]
[TimeControl "180+2"]
[EndTime "13:42:09 PST"]
[Termination "AungTZ won by resignation"]

1. e4 c5 2. Nf3 e6 3. d4 cxd4 4.
Nxd4 a6 5. Nc3 Qc7 6. Be3 Nf6 7.
Bd3 b5 8. a3 Bb7 9. O-O h5 10.
h3 Nc6 11. Nxc6 Bxc6 12. f4 d5 13. e5 Nd7 14. Ne2 Nc5 15. Nd4 Bb7 16. Kh1 g6 17.
Rc1 Be7 18. Nb3 Na4 19. Rb1 Rc8 20. c3 Nc5 21. Nxc5 Bxc5 22. Bxc5 Qxc5 23. Qe2 Ke7 24.
Rbd1 d4 25. cxd4 Qxd4 26. Bxb5 Qb6 27. Rd7+ Kf8 28. Ba4 Kg7 29. f5 exf5 30. Rd6 Qc5 31. Bb3 Rhe8 32. Rf6 Rxe5 33. Rxf7+ Kh6 34. Qd2+ g5 35.
Rf6+ Kg7 36. Qxg5+ 1-0

[Event "***Titled Tuesday 3|2 Blitz"]
[Site "Chess.com"]
[Date "2017.02.07"]
[Round "3"]
[White "MateusViageiro"]
[Black "Paralinch"]
[Result "0-1"]
[WhiteElo "2429"]
[BlackElo "2619"]
[TimeControl "180+2"]
[EndTime "13:42:13 PST"]
[Termination "Paralinch won by resignation"]

1. Nf3 c5 2. g3 g6 3. Bg2 Bg7 4. O-O Nc6 5. c4 e6 6. Nc3 Nge7 7. e3 O-O 8. d4 cxd4 9. Nxd4 d5 10. Nxc6 bxc6 11. cxd5 cxd5 12. e4 d4 13. Ne2 Rb8 14. f4 e5 15. fxe5 Bxe5 16. Nf4 Bg7 17. Kh1 Ba6 18. Re1 d3 19. Qd2 Nc6 20. Nd5 Nd4 21. Rd1 f5 22. exf5 Rxf5 23. Nb4 Bb7 24. Nxd3 Qf6 25. Nf4 g5 26. Bxb7 Rxb7 27. Qg2 Rf7 28. Nh5 Rf1+ 29. Rxf1 Qxf1+ 30. Qxf1 Rxf1+ 31. Kg2 Rd1 32. Nxg7 Kxg7 33. b3 Kg6 34. Kf2 Rh1 35. Kg2 Rd1 36. Kf2 h5 37. Bb2 Rd2+ 38. Ke3 Rxb2 39. Kxd4 Rxh2 40. a4 Rg2 41. b4 Rxg3 42. b5 h4 43. a5 Rf3 44. b6 axb6 45. axb6 Rb3 46. Kc5 h3 47. Kc6 g4 48. Ra5 h2 49.
Ra1 g3 50. b7 Rxb7 51. Kxb7 g2 52. Ra6+ Kg7 53. Ra2 h1=Q 0-1

[Event "***Titled Tuesday 3|2 Blitz"]
[Site "Chess.com"]
[Date "2017.02.07"]
[Round "3"]
[White "Iball95"]
[Black "Zhigalko_Sergei"]
[Result "0-1"]
[WhiteElo "2402"]
[BlackElo "2686"]
[TimeControl "180+2"]
[EndTime "13:42:15 PST"]
[Termination "Zhigalko_Sergei won by checkmate"]

1. e4 c5 2. Nf3 Nc6 3. Bb5 Nf6 4. Bxc6 dxc6 5. d3 Bg4 6. h3 Bh5 7. Bf4 c4 8. Nc3 e6 9. dxc4 Bb4 10. Qxd8+ Rxd8 11. Nd2 Nd7 12. f3 e5 13. Be3 Bxc3 14.
bxc3 c5 15. O-O-O f6 16. Bf2 Bf7 17. Nb3 b6 18. Nd2 Ke7 19. Rhe1 Nb8 20. Re3 Nc6 21. Rd3 Na5 22. Rd5 Be6 23. Bh4 g5 24. Bf2 h5 25.
Nb3 Nxc4 26. Rxd8 Rxd8 27. Rxd8 Kxd8 28. a4 a5 29. Nd2 Nxd2 30. Kxd2 Bd7 31. h4 Ke7 32.
hxg5 fxg5 33. c4 h4 34. Kc3 Bxa4 35. Be3 Kf6 36. Bc1 Be8 37. Kd3 Bf7 38. Bd2 a4 39. Bc1 Be6 40. Bb2 Bf7 41. Bc1 Bh5 42. Ke3 Ke6 43. Bb2 Bf7 44. Kd3 Be8 45. Bc1 Kf6 46.
Bb2 Bc6 47. Bc1 Bd7 48. Bb2 g4 49. fxg4 Bxg4 50. Bc1 Bf3 51. gxf3 h3 52. f4 h2 53. fxe5+ Ke6 54. Kc3 h1=Q 55. Kb2 Qxe4 56. Ka3 Qxc4 57. Bb2 b5 58. c3 Qb3# 0-1

[Event "***Titled Tuesday 3|2 Blitz"]
[Site "Chess.com"]
[Date "2017.02.07"]
[Round "3"]
[White "MattyDPerrine"]
[Black "filali-oujda"]
[Result "1-0"]
[WhiteElo "2190"]
[BlackElo "2179"]
[TimeControl "180+2"]
[EndTime "13:42:17 PST"]
[Termination "MattyDPerrine won by resignation"]

1. d4 c6 2. c4 d5 3. Nc3 Nf6 4. Nf3 e6 5. e3 a6 6. Qc2 Bd6 7. Bd2 O-O 8. g4 Nbd7 9. g5 Nh5 10.
Be2 g6 11. O-O-O dxc4 12. Ne4 Be7 13. Bxc4 c5 14. dxc5 b5 15. Bd3 Nxc5 16. Nxc5 Bxc5 17. Be4 Ra7 18. Kb1 Qb6 19. b4 Be7 20. Bc3 Rc7 21.
Qd3 Rc4 22. Ne5 Rc7 23. f4 Bb7 24. Bd4 Qd6 25. Bxb7 Qxb4+ 26. Qb3 Rxb7 27. Nc6 Qxb3+ 28.
axb3 Rc8 29. Rc1 Re8 30. Nxe7+ Rbxe7 31. Rc6 Ra8 32. Rhc1 Ree8 33. Rb6 Ng7 34. Bxg7 Kxg7 35. Rcc6 Red8 36. Rxa6 Rxa6 37. Rxa6 Rd3 38. Kb2 Rxe3 39. Rb6 Rf3 40. Rxb5 Rxf4 41. Rc5 Rf2+ 42. Rc2 Rxh2 43. Rxh2 e5 44. Re2 f6 45. gxf6+ Kxf6 46. b4 1-0

[Event "***Titled Tuesday 3|2 Blitz"]
[Site "Chess.com"]
[Date "2017.02.07"]
[Round "3"]
[White "vellottiwizard"]
[Black "RoelandPruijssers"]
[Result "1-0"]
[WhiteElo "2545"]
[BlackElo "2474"]
[TimeControl "180+2"]
[EndTime "13:42:19 PST"]
[Termination "vellottiwizard won on time"]

1. e4 e5 2. Nf3 Nc6 3. Bb5 a6 4. Ba4 Nf6 5. O-O Nxe4 6. d4 b5 7. Bb3 d5 8. dxe5 Be6 9. c3 Bc5 10.
Nbd2 O-O 11. Bc2 Bf5 12. Nb3 Bg6 13. Nxc5 Nxc5 14. Bxg6 fxg6 15. Re1 Ne6 16. a4 b4 17. a5 Rb8 18. Be3 Rb5 19. cxb4 d4 20. Bd2 Nxb4 21. Bxb4 Rxb4 22. Rc1 c5 23. Nd2 Qxa5 24. Qg4 Qb6 25. Nc4 Qc6 26. f3 Qd5 27. Nd2 d3 28.
Qg3 Rxb2 29. Rcd1 c4 30. Ne4 Rc8 31. Nd6 Rc7 32. Qg4 c3 33. Qa4 Qc6 34. Qg4 Re7 35. Nc4 1-0

[Event "***Titled Tuesday 3|2 Blitz"]
[Site "Chess.com"]
[Date "2017.02.07"]
[Round "3"]
[White "GeorgMeier"]
[Black "Ar4uha"]
[Result "1-0"]
[WhiteElo "2681"]
[BlackElo "2412"]
[TimeControl "180+2"]
[EndTime "13:42:21 PST"]
[Termination "GeorgMeier won by resignation"]

1. Nf3 Nf6 2. g3 d5 3. Bg2 c6 4.
O-O Bf5 5. c4 e6 6. cxd5 exd5 7.
d3 Be7 8. Nc3 O-O 9. Qb3 Qb6 10.
Qc2 Nbd7 11. e4 dxe4 12. dxe4 Be6 13. Be3 Qa5 14. Nd4 Bc4 15. Rfd1 Rad8 16. Nf5 Bc5 17. a3 Bxe3 18. Nxe3 Ne5 19. b4 Qc7 20. a4 Qe7 21. Qb2 Be6 22. b5 Qc5 23. Ne2 Neg4 24. Rdc1 Qb6 25.
Nxg4 Nxg4 26. Nf4 Rd7 27. Rab1 Rfd8 28. bxc6 Qxb2 29. Rxb2 Rd1+ 30. Rxd1 Rxd1+ 31. Bf1 b6 32. Kg2 Rc1 33. Bb5 Kf8 34. Rd2 Ne5 35. Nxe6+ fxe6 36. Rd8+ Ke7 37. Rg8 Kf7 38. Ra8 Nxc6 39. Rc8 1-0

[Event "***Titled Tuesday 3|2 Blitz"]
[Site "Chess.com"]
[Date "2017.02.07"]
[Round "3"]
[White "pedroholly22"]
[Black "StegariuVlad"]
[Result "1-0"]
[WhiteElo "2285"]
[BlackElo "2371"]
[TimeControl "180+2"]
[EndTime "13:42:21 PST"]
[Termination "pedroholly22 won by resignation"]

1. e4 d5 2. exd5 Qxd5 3. Nc3 Qd8 4. d4 c6 5. Nf3 Nf6 6. Bc4 Bf5 7. O-O e6 8. Re1 Be7 9. h3 O-O 10. Bf4 Nbd7 11.
Qe2 Nb6 12. Bd3 Bxd3 13. Qxd3 c5 14. Rad1 Nbd5 15. Nxd5 Nxd5 16. Bh2 Qb6 17. c4 Nb4 18. Qb3 cxd4 19. a3 Nc6 20. Qxb6 axb6 21. Nxd4 Na5 22.
Rc1 Rac8 23. Rc2 Rxc4 24. Rd2 Rd8 25. Red1 Bf6 26. Nf3 Rxd2 27. Nxd2 Rd4 28. Kf1 Nc4 29. Bf4 Nxd2+ 30. Bxd2 Bg5 31. f4 Bxf4 32. Rc1 g5 33. Rc8+ Kg7 34. Bc3 Be5 35. Bxd4 Bxd4 36. b3 b5 37. Rb8 b6 38. Ke2 e5 39. g4 h5 40.
Kf3 hxg4+ 41. hxg4 Kf6 42. Ke4 Ke6 43. Rd8 f6 44. Rd5 Bc5 45. b4 Bd4 46. Rxb5 Kd6 47. a4 Kc6 48. Rd5 Bc3 49. b5+ Kc7 50. Rd3 Bd4 51. Kf5 Ba1 52. Rh3 Kd6 53. Rh6 e4 54. Kxe4 Ke6 55. Rh7 Be5 56. Rb7 1-0